 Dungeon Crawl Stone Soup version 0.24.0-13-gcf9b319 (webtiles) character file.

Game seed: 11724835572543944489, levelgen mode: deterministic

137 Fang the Skirmisher (level 5, -1/33 HPs)
             Began as a Gargoyle Berserker on Nov 22, 2019.
             Was a Believer of Trog.
             Killed by nerve-wracking pain
             ... invoked by Grinder
              (7 damage)
             ... while paralysed by Grinder
             ... on level 3 of the Dungeon.
             The game lasted 00:02:07 (1652 turns).

Fang the Skirmisher (Gargoyle Berserker)            Turns: 1652, Time: 00:02:07

Health: -1/33      AC: 15    Str: 21    XL:     5   Next: 20%
Magic:  5/5        EV:  2    Int:  8    God:    Trog [**....]
Gold:   264        SH:  0    Dex:  9    Spells: 4/4 levels left

rFire    . . .     SeeInvis .   a - +0 hand axe
rCold    . . .     Gourm    .   (no shield)
rNeg     + . .     Faith    .   b - +0 plate armour
rPois    ∞         Spirit   .   (no helmet)
rElec    +         Reflect  .   (no cloak)
rCorr    .         Harm     .   (no gloves)
MR       .....                  (no boots)
Stlth    ..........             (no amulet)
HPRegen  0.11/turn              (no ring)
MPRegen  0.09/turn              (no ring)

@: paralysed
A: negative energy resistance 1, electricity resistance, unbreathing,
petrification resistance, rot immunity, AC +4
a: Berserk, Trog's Hand, Renounce Religion


You were on level 3 of the Dungeon.
You worshipped Trog.
Trog was pleased with you.
You were near starving.

You visited 1 branch of the dungeon, and saw 3 of its levels.

You collected 264 gold pieces.

Inventory:

Hand Weapons
 a - a +0 hand axe (weapon)
Armour
 b - a +0 plate armour (worn)
Scrolls
 f - 4 scrolls of identify {unknown}
 g - 3 scrolls of random uselessness {unknown}
 k - 2 scrolls of fear {unknown}
 m - a scroll of remove curse {unknown}
 p - a scroll of enchant armour {unknown}
 q - a scroll of magic mapping {unknown}
 r - a scroll of enchant weapon {unknown}
 s - 2 scrolls of teleportation {unknown}
Potions
 e - a potion of ambrosia {unknown}
 h - a potion of might {unknown}
 i - 3 potions of flight {unknown}
 j - a potion of berserk rage {unknown}
 l - 2 potions of haste {unknown}
 n - a potion of curing {unknown}
 o - a potion of mutation {unknown}
Comestibles
 c - 3 rations
 d - 2 chunks of flesh


   Skills:
 + Level 4.2 Fighting
 + Level 3.5 Axes
 + Level 3.3 Armour
 + Level 2.4 Dodging


You had 4 spell levels left.
You didn't know any spells.
Your spell library was empty.

Dungeon Overview and Level Annotations

Branches:
Dungeon (3/15)

Altars:
Qazlal

Annotations:
D:3 Grinder


Innate Abilities, Weirdness & Mutations

You are resistant to torment.
Your stone body is resilient. (AC +4)
You are immune to poison.
You resist negative energy. (rN+)
You are resistant to electric shocks. (rElec)
You can survive without breathing.
You are immune to petrification.
You are immune to rotting.


Message History

Grinder hits you but does no damage.
You barely miss Grinder.
Grinder is almost dead.
Grinder hits you but does no damage. Grinder hits you.
You are too injured to fight recklessly!
You are too injured to fight recklessly!
You are too injured to fight recklessly!
You are too injured to fight recklessly!
You barely miss Grinder.
Grinder is almost dead.
Grinder gestures at you.
You suddenly lose the ability to move!
Grinder hits you but does no damage. Grinder hits you.
* * * LOW HITPOINT WARNING * * *
You writhe in agony.
* * * LOW HITPOINT WARNING * * *
Grinder gestures at you. Pain shoots through your body!
You die...

##.#..#....<....................#
.................................
##...<..........................#
......##.#####...##.###...#.....#
##.......# #.................##
##....##.# #....≈...≈...≈.#.##
##....##.# #...≈≈≈≈...≈≈..##.#
##.......# #?...≈≈≈++≈≈≈..#.##
#####.#### #..@.≈#≈≈≈≈≈≈≈..#### #
#.# #.5..≈≈≈.>≈#≈≈.<....
#####.#### #.......#≈_⌠≈≈≈≈..####
.........#.........#≈≈≈≈#≈...#
##.#####.#.#......≈#≈≈#≈#...## ##
####.#.##.#...≈≈≈≈≈...≈.#
.####.........#....≈≈...≈...#
..##....#..####.............#
...#...###..............#.###


You could see Grinder.

Vanquished Creatures
  An orc wizard (D:3)
  3 adders
  An ooze (D:2)
  3 worms
  3 dart slugs
  4 leopard geckos
  3 orcs (D:3)
  6 bats
  2 giant cockroaches (D:1)
  3 goblins
  6 hobgoblins
  4 jackals (D:3)
  10 kobolds
  4 frilled lizards
  6 rats
59 creatures vanquished.

Notes
Turn   | Place    | Note
-------+----------+-------------------------------------------
     0 | D:1      | Fang the Gargoyle Berserker began the quest for the Orb.
     0 | D:1      | Reached XP level 1. HP: 14/14 MP: 1/1
    77 | D:1      | Reached XP level 2. HP: 19/19 MP: 2/2
   221 | D:1      | Reached XP level 3. HP: 6/24 MP: 3/3
   247 | D:1      | Reached ** piety under Trog
  1038 | D:2      | Reached XP level 4. HP: 22/29 MP: 4/4
  1224 | D:3      | Reached skill level 4 in Fighting
  1311 | D:3      | Found a stormy altar of Qazlal.
  1473 | D:3      | Reached XP level 5. HP: 27/33 MP: 5/5
  1578 | D:3      | Noticed Grinder
  1597 | D:3      | Paralysed by Grinder for 3 turns
  1641 | D:3      | Paralysed by Grinder for 5 turns
  1649 | D:3      | Paralysed by Grinder for 4 turns
  1652 | D:3      | Killed from afar by Grinder

Levels and vault maps discovered:
D:1:      dpeg_arrival_rooms_with_view, layout_rooms, st_stairs_10,
          minmay_vboxes
D:2:      layout_rooms, corexii_shack
D:3:      layout_loops_cross, nicolae_qazlal_general_emergency,
          grunt_ministairs_10, supply_closet_lemuel, uniq_grinder

Skill      XL: |  1  2  3  4 |
---------------+-------------+-----
Axes           | 3 |  3.5
Dodging        | 2 |  2.4
Armour         | 3 |  3.3
Fighting       | 4 |  4.2

Action                   |  1- 3 |  4- 6 || total
-------------------------+-------+-------++-------
Melee: Hand axe          |   140 |   100 ||   240
Invok: Berserk           |     1 |     1 ||     2
       Trog's Hand       |       |     1 ||     1
 Stab: Sleeping          |     1 |       ||     1
  Eat: Chunk             |     1 |     2 ||     3
Armor: Animal skin       |    36 |       ||    36
       Plate armour      |    34 |   127 ||   161
Dodge: Dodged            |    78 |    58 ||   136
